cohdb
Replays
Latest Replays
All Replays
Popular Replays
Top Player Replays
Match Explorer
How It Works
Community
CoH3 Stats
Reddit
Sign in to upload your games and track your stats! →
Sign in with Steam
Match 36390044
Unlisted
Match 36390044
Overview
Messages
Build Orders
End
Construct Section Command Post
Selects Heavy Armor Battlegroup
Royal Engineer Section
Vickers Machine Gun Team
Vickers Machine Gun Team
Construct Field Infirmary
Infantry Section
Selects Engineer Detachments
Grenade Package
Infantry Section
Construct Platoon Command Post
Unlock M3 Stuart Light Tanks
6-pounder Anti-tank Gun Team
Selects Crusader AA Medium Tank
Crusader AA Medium Tank
Selects UNKNOWN (2162094)
6-pounder Anti-tank Gun Team
Selects Light Vehicle Withdraw and Refit
MobyTiles
toto
spacemambo
Atomic Floyd
deadsadbadmad
Alessandro-9891
0
0
Comments
sign in to comment!
No comments posted yet!